 Dungeon Crawl Stone Soup version 0.20.1-1-g8b1a95d (webtiles) character file.

297 rngboy the Cutter (level 5, 0/42 HPs)
             Began as a Demigod Fighter on July 7, 2017.
             Slain by Edmund
             ... wielding a +7 flail of draining
              (6 damage)
             ... on level 4 of the Dungeon.
             The game lasted 00:08:45 (4129 turns).

rngboy the Cutter (Demigod Fighter)                 Turns: 4129, Time: 00:08:46

Health: 0/42       AC:  4    Str: 19    XL:     5   Next: 87%
Magic:  7/7        EV:  8    Int: 12    God:
Gold:   165        SH:  9    Dex: 17    Spells: 4/4 levels left

rFire    . . .     SeeInvis .   d - +2 short sword (elec)
rCold    . . .     Gourm    .   c - +0 shield
rNeg     . . .     Faith    .   q - +0 leather armour (curse)
rPois    .         Spirit   .   p - +0 helmet
rElec    .         Reflect  .   (no cloak)
rCorr    .         Harm     .   (no gloves)
MR       +....                  (no boots)
Stlth    +.........             (no amulet)
Regen    0.2/turn               e - ring of protection from magic
MPRegen  0.1/turn               (no ring)

@: drained
A: high mp 1
a: no special abilities


You were on level 4 of the Dungeon.
You were not hungry.

You visited 1 branch of the dungeon, and saw 4 of its levels.

You collected 165 gold pieces.

Inventory:

Hand Weapons
 a - a +0 long sword
 d - a +2 short sword of electrocution (weapon)
 i - a +2 dagger of venom
Missiles
 h - 40 stones (quivered)
Armour
 b - a +0 scale mail
 c - a +0 shield (worn)
 o - a +2 leather armour of cold resistance
 p - a +0 helmet (worn)
 q - a cursed +0 leather armour (worn)
 t - a cursed +0 scale mail
Jewellery
 e - a ring of protection from magic (left hand)
 m - an uncursed ring of fire
Scrolls
 n - 2 scrolls of teleportation
 r - a scroll of noise {unknown}
 s - a scroll of amnesia {unknown}
Potions
 j - 2 potions of haste
 l - a potion of mutation
 u - a potion of cancellation {unknown}
Comestibles
 f - a bread ration
 g - 2 fruits
 k - a meat ration
 v - 2 chunks of flesh


   Skills:
 - Level 2.6(1.9) Fighting
 + Level 5.1(4.6) Short Blades
 - Level 2.5(3.4) Long Blades
 - Level 2.6(1.9) Armour
 - Level 2.6(1.9) Shields


You had 4 spell levels left.
You didn't know any spells.

Dungeon Overview and Level Annotations

Branches:
Dungeon (4/15)
 Temple: D:4-7

Annotations:
D:4 Edmund


Innate Abilities, Weirdness & Mutations

You have an increased reservoir of magic. (+10% MP)


Message History

You hit the hound. Lightning courses through the hound!
You kill the hound!
No target in view!
You see here a hound corpse.
You butcher the hound corpse.
v - 2 chunks of flesh You see here a hound skeleton.
You start resting.
You start resting.
HP restored.
There is a stone staircase leading down here.
You climb downwards.
Level annotation: Edmund Edmund says, "People will remember me!
They'll remember me and die!"
Edmund hits you with a flail of draining!
You feel drained.
Edmund hits you with a flail of draining!
* * * LOW HITPOINT WARNING * * *
You feel drained.
You die...

#..# #..#
#..####.##
#........#
########.##.....
#........# .#..#
.###.#..##......
# ##.......#
#.###.#.@##...##
#.......@....##
##...#.#######
##. #. # #. #.
.. ##


You could see Edmund.

Vanquished Creatures
  An orc priest (D:3)
  A hound (D:3)
  A bullfrog skeleton (D:4)
  An orc wizard (D:3)
  A gnoll (D:1)
  5 adders
  3 oozes
  6 worms
  2 leopard geckos (D:3)
  10 orcs
  5 bats
  5 giant cockroaches
  7 goblins
  13 hobgoblins
  2 quokkas
  6 frilled lizards
  A jackal skeleton (D:3)
  11 kobolds
  10 rats
91 creatures vanquished.

Notes
Turn   | Place    | Note
-------+----------+-------------------------------------------
     0 | D:1      | rngboy the Demigod Fighter began the quest for the Orb.
     0 | D:1      | Reached XP level 1. HP: 18/18 MP: 3/3
   221 | D:1      | Reached XP level 2. HP: 2/25 MP: 4/4
   709 | D:1      | Reached skill level 1 in Short Blades
  1186 | D:1      | Reached XP level 3. HP: 30/30 MP: 5/5
  1330 | D:1      | Reached skill level 2 in Short Blades
  2240 | D:2      | Reached skill level 3 in Short Blades
  2240 | D:2      | Reached XP level 4. HP: 32/37 MP: 6/6
  2966 | D:3      | Found a shimmering altar of Xom.
  2966 | D:3      | Found a shimmering altar of Xom.
  3093 | D:3      | Reached skill level 4 in Short Blades
  3093 | D:3      | Reached XP level 5. HP: 37/42 MP: 7/7
  3510 | D:3      | Found a hazy altar of Hepliaklqana.
  3955 | D:3      | Found a shimmering altar of Xom.
  4003 | D:4      | Reached skill level 5 in Short Blades
  4010 | D:4      | Noticed Edmund
  4129 | D:4      | Slain by Edmund

Skill      XL: |  1  2  3  4  5 |
---------------+----------------+-----
Long Blades    | 2 |  2.5
Short Blades   | 1 3 4 5 |  5.1
Fighting       | |  2.6
Armour         | |  2.6
Shields        | |  2.6

Action                   |  1- 3 |  4- 6 || total
-------------------------+-------+-------++-------
Melee: Long sword        |    17 |       ||    17
       Short sword       |   116 |   107 ||   223
  Use: Potion            |     2 |       ||     2
       Scroll            |     4 |     1 ||     5
 Stab: Distracted        |     1 |     1 ||     2
  Eat: Chunk             |     4 |     6 ||    10
Armor: Scale mail        |    40 |       ||    40
       Leather armour    |     3 |    17 ||    20
Dodge: Dodged            |    35 |    26 ||    61
Block: Shield            |    74 |    35 ||   109
       Rpst.: Long sword |     4 |       ||     4
